 Dungeon Crawl Stone Soup version 0.25-a0-890-g62861fb195 (webtiles) character file.

Game seed: 4942369651008478744, levelgen mode: deterministic

694 Hasart the Magician (level 7, 0/36 HPs)
             Began as a Deep Elf Wizard on May 2, 2020.
             Slain by a phantom (8 damage)
             ... on level 5 of the Dungeon.
             The game lasted 00:09:07 (5468 turns).

Hasart the Magician (Deep Elf Wizard)               Turns: 5468, Time: 00:09:07

Health: 0/36       AC:  4    Str:  4    XL:     7   Next: 37%
Magic:  10/17      EV: 14    Int: 25    God:
Gold:   217        SH:  0    Dex: 13    Spells: 9/17 levels left

rFire    . . .     SeeInvis .   t - +1 dagger (drain)
rCold    . . .     Gourm    .   (no shield)
rNeg     . . .     Faith    .   a - +0 robe
rPois    +         Spirit   .   b - +0 hat
rElec    .         Reflect  .   j - +0 cloak
rCorr    .         Harm     .   s - +0 pair of gloves
MR       .....                  (no boots)
Stlth    ++........             (no amulet)
HPRegen  0.12/turn              g - ring of poison resistance
MPRegen  0.15/turn              (no ring)

@: very slightly contaminated
A: no striking features
a: no special abilities


You were on level 5 of the Dungeon.
You were not hungry.

You visited 1 branch of the dungeon, and saw 5 of its levels.

You collected 217 gold pieces.

Inventory:

Hand Weapons
 t - a +1 dagger of draining (weapon)
Armour
 a - a +0 robe (worn)
 b - a +0 hat (worn)
 j - a +0 cloak (worn)
 s - a +0 pair of gloves (worn)
Jewellery
 g - a ring of poison resistance (left hand)
 v - an uncursed ring of flight
Scrolls
 h - a scroll of magic mapping {unknown}
 k - a scroll of immolation {unknown}
 m - 2 scrolls of remove curse {unknown}
 o - a scroll of teleportation {unknown}
 q - a scroll of blinking {unknown}
 u - a scroll of identify {unknown}
Potions
 c - a potion of lignification {unknown}
 e - 2 potions of heal wounds {unknown}
 f - 2 potions of brilliance {unknown}
 i - a potion of degeneration {unknown}
 l - 3 potions of cancellation {unknown}
 n - 2 potions of curing {unknown}
 p - a potion of magic {unknown}
 r - a potion of stabbing {unknown}
Comestibles
 d - 9 rations


   Skills:
 + Level 4.3 Dodging
 - Level 2.4 Stealth
 + Level 5.8 Spellcasting
 * Level 4.9 Conjurations
 + Level 2.8 Summonings
 + Level 2.8 Translocations
 + Level 2.3 Air Magic
 + Level 2.6 Poison Magic


You had 9 spell levels left.
You knew the following spells:

 Your Spells              Type           Power        Failure   Level  Hunger
a - Magic Dart            Conj           ####         1%          1    None
b - Blink                 Tloc           N/A          3%          2    None
c - Call Imp              Summ           ###.....     3%          2    None
d - Mephitic Cloud        Conj/Pois/Air  ###.....     6%          3    #......

Your spell library contained the following spells:

 Spells                   Type           Power        Failure   Level  Hunger
 Conjure Flame            Conj/Fire      ###.....     9%          3    #......
 Slow                     Hex            #.......     12%         2    None


Dungeon Overview and Level Annotations

Branches:
Dungeon (5/15)
 Temple: D:4-7

Altars:


Message History

Press: ? - help, Shift-Dir - straight line, f/p - phantom
Aim: a phantom (moderately damaged)
The magic dart hits the phantom.
The phantom is moderately damaged.
The phantom hits you!
Casting: Magic Dart (safe; 1% risk of failure)
Confirm with . or Enter, or press ? or * to list all spells.
Aiming: Magic Dart (safe; 1% risk of failure)
Press: ? - help, Shift-Dir - straight line, f/p - phantom
Aim: a phantom (moderately damaged)
The magic dart hits the phantom but does no damage.
The phantom is moderately damaged.
The phantom hits you!
* * * LOW HITPOINT WARNING * * *
Okay, then.
Casting: Magic Dart (safe; 1% risk of failure)
Confirm with . or Enter, or press ? or * to list all spells.
A beastly little devil appears in a puff of flame.
The phantom hits you!
You die...

....###......#### #..##.#.#.#
#..<.#.#<.##.# ###..##.#.#.#
# .......[..##.#
#..W..#.#.#.##..
..........##.#
#.###..........#
.#.#..###.##.#
#..#..###...[...
#.....###.##.## ##.#........#
..............#
##.#..###.####
.#.#.####.##..###W.#..# .# .
##.#.####.##....@5#.#..##.#.#
#.#............[##.##....#.#
######.#..##.##.#. #.#...
#.#..##.### .##..)#
#.#..##..# ##....# ..#..##.##
#)#.# ######.....## ##...#
........#...# #..###
.......##..## ##.#


You could see a phantom and a friendly crimson imp.

Vanquished Creatures
  A hippogriff (D:5)
  A scorpion (D:5)
  A hound (D:5)
  An orc priest (D:4)
  Crazy Yiuf (D:3)
  An orc wizard (D:3)
  Terence (D:2)
  3 worker ants
  A hound skeleton (D:5)
  A worker ant zombie (D:5)
  7 gnolls
  5 adders
  2 oozes
  4 worms
  2 dart slugs (D:1)
  4 leopard geckos
  11 orcs
  A giant cockroach (D:3)
  11 goblins
  6 hobgoblins
  13 jackals
  3 quokkas
  A ball python (D:1)
  4 bats
  5 frilled lizards
  6 kobolds
  10 rats
107 creatures vanquished.

Vanquished Creatures (collateral kills)
  A gnoll (D:2)
1 creature vanquished.

Grand Total: 108 creatures vanquished

Notes
Turn   | Place    | Note
-------+----------+-------------------------------------------
     0 | D:1      | Hasart the Deep Elf Wizard began the quest for the Orb.
     0 | D:1      | Reached XP level 1. HP: 10/10 MP: 7/7
   164 | D:1      | Reached XP level 2. HP: 14/15 MP: 4/9
   636 | D:1      | Reached XP level 3. HP: 14/19 MP: 6/11
   710 | D:1      | Learned a level 2 spell: Blink
   713 | D:1      | Learned a level 2 spell: Call Imp
   717 | D:1      | Learned a level 3 spell: Mephitic Cloud
  1317 | D:2      | Reached XP level 4. HP: 24/24 MP: 7/12
  1402 | D:2      | Reached skill level 5 in Spellcasting
  1741 | D:2      | Reached skill level 1 in Poison Magic
  1832 | D:2      | Noticed Terence
  1859 | D:2      | Killed Terence
  1859 | D:2      | Reached XP level 5. HP: 14/28 MP: 4/14
  2501 | D:3      | Reached skill level 1 in Air Magic
  3398 | D:3      | Found a runed translucent door.
  3399 | D:3      | Noticed Crazy Yiuf
  3574 | D:3      | Killed Crazy Yiuf
  3574 | D:3      | Reached XP level 6. HP: 22/32 MP: 3/15
  4745 | D:5      | Entered Level 5 of the Dungeon
  5017 | D:5      | Reached XP level 7. HP: 21/36 MP: 6/17
  5140 | D:5      | Noticed a hippogriff
  5164 | D:5      | Killed a hippogriff
  5468 | D:5      | Slain by a phantom

Levels and vault maps discovered:
D:1:      onia_arrival_handbag, layout_basic
D:2:      layout_basic, uniq_terence
D:3:      layout_loops_corners, uniq_crazy_yiuf_cottage
D:4:      layout_loops_ring
D:5:      layout_loops_ring, minitemple, first_ration, minmay_manual_macuahuitl,
          uniq_eustachio

Skill      XL: |  1  2  3  4  5  6 |
---------------+-------------------+-----
Conjurations   | 2 3 4 |  4.9
Dodging        | 3 4 |  4.3
Spellcasting   | 5 |  5.8
Poison Magic   | 1 2 |  2.6
Air Magic      | 1 2 |  2.3
Summonings     | 2 |  2.8
Translocations | 2 |  2.8
Stealth        | |  2.4

Action                   |  1- 3 |  4- 6 |  7- 9 || total
-------------------------+-------+-------+-------++-------
Melee: Hand axe          |    16 |       |       ||    16
       Short sword       |       |    32 |       ||    32
       Dagger            |       |    93 |    18 ||   111
 Cast: Magic Dart        |    72 |   158 |    25 ||   255
       Call Imp          |     4 |       |     1 ||     5
       Mephitic Cloud    |       |    10 |     1 ||    11
 Stab: Sleeping          |     1 |     3 |       ||     4
       Confused          |       |     5 |       ||     5
  Eat: Chunk             |     1 |    11 |     2 ||    14
Armor: Robe              |     1 |    33 |     4 ||    38
Dodge: Dodged            |    23 |   120 |    22 ||   165

Table legend:
 A = Non-vault XP
 B = Vault XP
 C = Vault XP percentage of total XP
 D = Non-vault monster count
 E = Vault monster count
 F = Vault count percentage of total count
                 A         B        C        D         E       F
            +---------+---------+-------+---------+---------+-------
      Total |     643 |     349 |  35.2 |     100 |       8 |   7.4
            +---------+---------+-------+---------+---------+-------
        D:1 |      39 |      11 |  22.0 |      20 |       4 |  16.7
        D:2 |     133 |      36 |  21.3 |      29 |       1 |   3.3
        D:3 |     123 |      40 |  24.5 |      20 |       1 |   4.8
        D:4 |     144 |       0 |   0.0 |      23 |       0 |   0.0
        D:5 |     204 |     262 |  56.2 |       8 |       2 |  20.0
            +---------+---------+-------+---------+---------+-------
